 Dungeon Crawl Stone Soup version 0.20-a0-556-g892c87b (webtiles) character file.

52221 Jooles the Destroyer (level 14, -1/82 HPs)
             Began as a Deep Elf Conjurer on Feb 5, 2017.
             Was a High Priest of Vehumet.
             Killed from afar by a fire dragon (18 damage)
             ... with a blast of flame
             ... on level 6 of the Lair of Beasts on Feb 6, 2017.
             The game lasted 02:38:33 (25341 turns).

Jooles the Destroyer (Deep Elf Conjurer)           Turns: 25341, Time: 02:38:34

Health: -1/82      AC: 13    Str:  5    XL:     14   Next: 26%
Magic:  7/32       EV: 18    Int: 26    God:    Vehumet [*****.]
Gold:   910        SH:  0    Dex: 15    Spells: 0/37 levels left

rFire    . . .     SeeInvis +   S - +8 whip "Snakebite" {curare, rPois}
rCold    + . .     Gourm    .   L - +2 leather armour {rC+}
rNeg     . . .     Faith    .   (no shield)
rPois    +         Spirit   .   O - +1 hat {SInv}
rElec    .         Reflect  .   H - +0 cloak
rCorr    .         Harm     .   l - +0 pair of gloves
MR       +....                  p - +0 pair of boots
Stlth    +.........             a - amulet of regeneration
Regen    0.7/turn               n - ring of wizardry
                                g - +4 ring of protection

@: no status effects
A: no striking features
a: Renounce Religion


You were on level 6 of the Lair of Beasts.
You worshipped Vehumet.
Vehumet was extremely pleased with you.
You were not hungry.

You visited 3 branches of the dungeon, and saw 18 of its levels.
You also visited: Sewer and Ossuary.

You collected 1300 gold pieces.
You spent 390 gold pieces at shops.

Inventory:

Hand Weapons
 e - the +3 mace of Action {freeze, rF+ Dex+3}
   (You found it on level 5 of the Dungeon)

   It has been specially enchanted to freeze those struck by it, causing extra
   injury to most foes and up to half again as much damage against particularly
   susceptible opponents.
   It can also slow down cold-blooded creatures.
   It affects your dexterity (+3).
   It protects you from fire.
 S - the +8 whip "Snakebite" (weapon) {curare, rPois}
   (You found it on level 5 of the Lair of Beasts)

   It poisons the flesh of those it strikes.
   It protects you from poison.
Armour
 l - a +0 pair of gloves (worn)
 p - a +0 pair of boots (worn)
 D - a +1 robe of fire resistance
 H - a +0 cloak (worn)
 L - a +2 leather armour of cold resistance (worn)
 O - a +1 hat of see invisible (worn)
Jewellery
 a - an amulet of regeneration (around neck)
 g - a +4 ring of protection (left hand)
 k - an uncursed ring of stealth
 n - a ring of wizardry (right hand)
 o - an uncursed ring of ice
 C - an uncursed ring of flight
 F - an uncursed ring of protection from magic
Wands
 j - a wand of acid (5/15)
 y - a wand of confusion (18/48)
 G - a wand of polymorph (13/24)
 I - a wand of digging (22/24)
 T - a wand of flame (28/48)
Scrolls
 f - 10 scrolls of remove curse
 u - 8 scrolls of teleportation
 w - 2 scrolls of recharging
 z - a scroll of vulnerability {unknown}
 A - 5 scrolls of amnesia
 M - a scroll of magic mapping
Potions
 d - 3 potions of brilliance
 h - 8 potions of might
 i - a potion of ambrosia
 q - a potion of haste
 r - a potion of curing
 t - 2 potions of cancellation
 v - a potion of magic
 K - 2 potions of resistance
 R - a potion of agility {unknown}
 U - 3 potions of invisibility
 V - a potion of berserk rage {unknown}
 W - a potion of cure mutation {unknown}
 X - a potion of mutation {unknown}
 Z - a potion of degeneration {unknown}
Books
 B - a book of Party Tricks

   Spells                             Type                      Level
   a - Summon Butterflies             Summoning                    1
   b - Apportation                    Translocation                1
   c - Lesser Beckoning               Translocation                3
   d - Tukima's Dance                 Hexes                        3
   e - Alistair's Intoxication        Transmutation/Poison         5
   f - Invisibility                   Hexes                        6
 E - a book of Minor Magic

   Spells                             Type                      Level
   a - Magic Dart                     Conjuration                  1
   b - Blink                          Translocation                2
   c - Call Imp                       Summoning                    2
   d - Repel Missiles                 Charms/Air                   2
   e - Slow                           Hexes                        2
   f - Conjure Flame                  Conjuration/Fire             3
   g - Mephitic Cloud                 Conjuration/Poison/Air       3
 J - a book of Clouds

   Spells                             Type                      Level
   a - Poisonous Vapours              Poison/Air                   2
   b - Mephitic Cloud                 Conjuration/Poison/Air       3
   c - Conjure Flame                  Conjuration/Fire             3
   d - Freezing Cloud                 Conjuration/Ice/Air          6
   e - Ring of Flames                 Charms/Fire                  7
 N - a book of Maledictions

   Spells                             Type                      Level
   a - Corona                         Hexes                        1
   b - Ensorcelled Hibernation        Hexes/Ice                    2
   c - Confuse                        Hexes                        3
   d - Tukima's Dance                 Hexes                        3
   e - Dazzling Spray                 Conjuration/Hexes            3
 P - a book of Debilitation

   Spells                             Type                      Level
   a - Corona                         Hexes                        1
   b - Slow                           Hexes                        2
   c - Gell's Gravitas                Hexes/Translocation          3
   d - Inner Flame                    Hexes/Fire                   3
   e - Cause Fear                     Hexes                        4
   f - Leda's Liquefaction            Hexes/Earth                  4
 Q - Xiurifucim's Volume of the Ensnaring Entourage
   (You found it on level 10 of the Dungeon)

   Spells                             Type                      Level
   a - Summon Small Mammal            Summoning                    1
   b - Dazzling Spray                 Conjuration/Hexes            3
   c - Inner Flame                    Hexes/Fire                   3
   d - Call Canine Familiar           Summoning                    3
   e - Invisibility                   Hexes                        6
Comestibles
 c - 13 bread rations
 m - 14 royal jellies
 s - 8 meat rations
 x - 13 chunks of flesh
 Y - 12 fruits


   Skills:
 - Level 7.0 Fighting
 - Level 2.0 Armour
 - Level 10.7 Dodging
 - Level 2.4 Stealth
 + Level 12.4 Spellcasting
 + Level 14.0 Conjurations
 + Level 10.1 Hexes
 - Level 11.4 Charms
 + Level 3.5 Summonings
 + Level 5.8 Translocations
 * Level 9.5 Fire Magic
 + Level 1.2 Earth Magic


You couldn't memorise any spells.
You knew the following spells:

 Your Spells              Type           Power        Failure   Level  Hunger
a - Magic Dart            Conj           ####         1%          1    None
b - Searing Ray           Conj           ######       1%          2    None
c - Iskenderun's Battles  Conj/Chrm      ######..     1%          5    ###....
d - Iskenderun's Mystic   Conj           ######..     1%          4    None
e - Dazzling Spray        Conj/Hex       ######       1%          3    None
f - Fulminant Prism       Conj/Hex       ######....   1%          4    None
g - Conjure Flame         Conj/Fire      ######..     1%          3    None
h - Cause Fear            Hex            ######....   1%          4    None
i - Blink                 Tloc           N/A          1%          2    None
j - Inner Flame           Hex/Fire       ######..     1%          3    None
k - Summon Small Mammal   Summ           ####         1%          1    None
l - Bolt of Magma         Conj/Fire/Erth ######....   1%          5    ###....


Dungeon Overview and Level Annotations

Branches:
Dungeon (11/15)            Temple (1/1) D:5            Lair (6/6) D:11
  Swamp (0/4) Lair:4        Snake (0/4) Lair:3        Slime (0/5) Lair:5
    Orc: D:9-12

Altars:
Ashenzari
Cheibriados
Dithmenos
Elyvilon
Fedhas
Gozag
Hepliaklqana
Kikubaaqudgha
Makhleb
Nemelex Xobeh
Okawaru
Qazlal
Ru
Sif Muna
Trog
Uskayaw
Vehumet
Xom
Yredelemnul
Zin
The Shining One

Shops:
D:8 (   D:9 %


Message History

Press: ? - help, Shift-Dir - straight line, f/p - fire dragon
Aim: a fire dragon (water, almost dead, catching its breath)
The searing ray hits the fire dragon.
The fire dragon is almost dead. (Press . to maintain the ray.)
Your battlesphere fires!
The barrage of energy hits the fire dragon.
The fire dragon is almost dead.
The fire dragon barely misses you. The fire dragon claws you!
* * * LOW HITPOINT WARNING * * *
The fire dragon closely misses you.
The searing ray hits the fire dragon.
The fire dragon is almost dead.
Your battlesphere fires!
The barrage of energy hits the fire dragon.
The fire dragon is almost dead.
Your battlesphere expends the last of its energy and dissipates.
The fire dragon breathes flames at you. The blast of flame hits you!
You die...

♣♣≈≈≈♣P.♣..♣♣
P≈♣♣≈≈♣P....♣♣
.. ♣♣≈≈≈♣≈♣..♣
♣♣ ♣≈≈≈.≈≈♣.♣♣
.≈≈.♣♣♣.≈P.♣♣♣
.≈≈..♣♣
♣♣..§..♣ ≈≈≈P♣
♣♣≈≈≈[♣♣ ≈≈♣♣
♣♣≈≈≈.♣ .♣
♣♣≈D@♣ ♣≈≈.♣
≈≈≈≈..♣
≈..≈≈..♣♣
≈≈≈≈..♣♣
.≈≈..♣ ♣..♣♣
♣..


You could see a fire dragon.

Vanquished Creatures
  The ghost of azzavlup the Scorcher, a journeyman OgFE of Vehumet (Lair:6)
  Gastronok (D:9)
  3 hydras
  A two-headed ogre (D:8)
  A centaur warrior (D:10)
  An unseen horror (D:11)
  A swamp dragon (Lair:6)
  Pikel (D:5)
  3 oklob plants (Lair:2)
  9 elephants
  A torpor snail (Lair:1)
  7 black mambas
  A gargoyle (D:10)
  12 spiny frogs
  A rime drake (Lair:6)
  4 komodo dragons
  3 trolls
  A queen bee (D:10)
  11 blink frogs
  15 dream sheep
  10 hippogriffs
  3 wyverns (D:11)
  41 yaks
  4 basilisks
  A steam dragon (Lair:6)
  A hungry ghost (D:11)
  Menkaure (D:4)
  A warg (Lair:6)
  16 swamp worms
  Duvessa (D:7)
  4 acid dragons (Lair:6)
  3 hell hounds
  37 water moccasins
  7 porcupines
  2 orc warriors
  4 sky beasts
  A slave (Temple)
  3 phantoms
  3 ogres
  An eye of draining (D:8)
  22 wolves
  8 centaurs
  16 crocodiles
  7 big kobolds (Sewer)
  Blork the orc (D:4)
  14 bullfrogs
  3 water moccasin zombies
  Dowan (D:7)
  2 scorpions
  22 killer bees
  3 electric eels
  A howler monkey (D:6)
  7 crimson imps
  A bullfrog zombie (D:9)
  A quasit (D:8)
  8 hounds
  8 orc priests
  Crazy Yiuf (D:5)
  7 centaur skeletons
  7 jellies
  10 orc wizards
  A bullfrog skeleton (D:8)
  7 worker ants
  2 iguanas
  2 killer bee zombies (D:5)
  3 big kobold zombies (Ossuary)
  2 hound zombies
  2 mummies (Ossuary)
  3 gnolls (D:4)
  2 river rats
  35 adders
  5 oozes
  9 adder zombies
  An adder skeleton (D:7)
  11 worms
  3 dart slugs
  7 leopard geckos
  18 orcs
  5 giant cockroaches
  9 goblins
  9 hobgoblins
  4 jackals (D:4)
  5 quokkas
  6 ball pythons
  13 bats
  8 frilled lizards
  3 gnoll zombies (Ossuary)
  3 hobgoblin zombies (Ossuary)
  A jackal skeleton (D:5)
  A jackal zombie (D:6)
  14 kobolds
  2 kobold zombies (Ossuary)
  7 orc zombies (Ossuary)
  23 rats
  A rat zombie (D:7)
  8 fulminant prisms
  3 fungi
  11 plants
621 creatures vanquished.

Vanquished Creatures (others)
  A swamp drake (D:11)
  An iguana (D:5)
  An orc wizard (D:8)
  106 fulminant prisms
  6 fungi
  12 plants
127 creatures vanquished.

Grand Total: 748 creatures vanquished

Notes
Turn   | Place    | Note
-------+----------+-------------------------------------------
     0 | D:1      | Jooles the Deep Elf Conjurer began the quest for the Orb.
     0 | D:1      | Reached XP level 1. HP: 10/10 MP: 6/6
   138 | D:1      | Reached XP level 2. HP: 15/15 MP: 5/8
   142 | D:1      | Learned a level 2 spell: Searing Ray
   161 | D:1      | Reached skill level 5 in Conjurations
   499 | D:1      | Reached XP level 3. HP: 19/19 MP: 7/9
  1309 | D:2      | Reached skill level 6 in Conjurations
  1323 | D:2      | Reached XP level 4. HP: 24/24 MP: 2/10
  2088 | D:3      | Found a glowing drain.
  2244 | Sewer    | Entered a sewer
  2501 | Sewer    | Noticed a big kobold
  2514 | Sewer    | Killed a big kobold
  2514 | Sewer    | Reached skill level 7 in Conjurations
  2514 | Sewer    | Reached XP level 5. HP: 28/28 MP: 1/11
  2759 | Sewer    | Reached skill level 8 in Conjurations
  2759 | Sewer    | Reached XP level 6. HP: 32/32 MP: 2/12
  3132 | Sewer    | Reached skill level 9 in Conjurations
  3205 | Sewer    | Reached XP level 7. HP: 36/36 MP: 0/13
  3213 | Sewer    | Learned a level 5 spell: Iskenderun's Battlesphere
  3218 | Sewer    | Learned a level 4 spell: Iskenderun's Mystic Blast
  3318 | Sewer    | Reached skill level 1 in Charms
  4101 | D:3      | Found an iron altar of Okawaru.
  4158 | D:4      | You fall through a shaft for 3 floors!
  4465 | D:6      | Reached skill level 1 in Fighting
  4465 | D:6      | Reached skill level 10 in Conjurations
  4465 | D:6      | Reached XP level 8. HP: 41/43 MP: 7/15
  4498 | D:6      | Found a sand-covered staircase.
  4544 | Ossuary  | Entered an ossuary
  5506 | D:6      | Learned a level 3 spell: Dazzling Spray
  5511 | D:5      | Entered Level 5 of the Dungeon
  5756 | D:5      | Reached skill level 1 in Hexes
  5789 | D:5      | Found a deep blue altar of Sif Muna.
  5999 | D:5      | Reached skill level 5 in Charms
  6186 | D:5      | Found a staircase to the Ecumenical Temple.
  6197 | D:5      | Noticed Pikel
  6206 | Temple   | Entered the Ecumenical Temple
  6538 | Temple   | Became a worshipper of Vehumet
  6649 | D:5      | Killed Pikel
  6649 | D:5      | Reached skill level 5 in Spellcasting
  6649 | D:5      | Reached XP level 9. HP: 39/49 MP: 8/18
  6775 | D:4      | Noticed Blork the orc
  6782 | D:4      | Killed Blork the orc
  7120 | D:4      | Noticed Menkaure
  7129 | D:4      | Killed Menkaure
  7129 | D:4      | Reached skill level 11 in Conjurations
  7382 | D:4      | Reached skill level 5 in Dodging
  7509 | D:4      | Found a snail-covered altar of Cheibriados.
  8110 | D:5      | Got a fine mace
  8111 | D:5      | Identified the +3 mace of Action {freeze, rF+ Dex+3} (You found it on level 5 of the Dungeon)
  8132 | D:5      | Found a runed door.
  8136 | D:5      | Noticed Crazy Yiuf
  8140 | D:5      | Killed Crazy Yiuf
  8508 | D:6      | Found a stormy altar of Qazlal.
  8663 | D:6      | Learned a level 4 spell: Fulminant Prism
  8715 | D:6      | Reached * piety under Vehumet
  8715 | D:6      | Offered knowledge of Freeze by Vehumet.
  9639 | D:7      | Found a hazy altar of Hepliaklqana.
  9682 | D:7      | Noticed Dowan
  9684 | D:7      | Noticed Duvessa
  9695 | D:7      | Killed Dowan
  9697 | D:7      | Killed Duvessa
  9697 | D:7      | Reached skill level 5 in Hexes
  9912 | D:7      | Found an ancient bone altar of Kikubaaqudgha.
 10406 | D:7      | Reached skill level 1 in Armour
 10495 | D:8      | Reached XP level 10. HP: 44/56 MP: 13/21
 10589 | D:8      | Noticed a two-headed ogre
 10913 | D:8      | Offered knowledge of Flame Tongue by Vehumet.
 10988 | D:8      | Reached ** piety under Vehumet
 11273 | D:8      | Found Godadaz's Weapon Boutique.
 11304 | D:8      | Killed a two-headed ogre
 11304 | D:8      | Reached skill level 12 in Conjurations
 11525 | D:8      | Found a bloodstained altar of Trog.
 11526 | D:8      | Found a glowing golden altar of the Shining One.
 11704 | D:9      | Noticed Gastronok
 11767 | D:9      | Killed Gastronok
 11927 | D:9      | Found Wysmim's Food Shop.
 11930 | D:9      | Bought a bread ration for 65 gold pieces
 11930 | D:9      | Bought a bread ration for 65 gold pieces
 11930 | D:9      | Bought a meat ration for 65 gold pieces
 11930 | D:9      | Bought a bread ration for 65 gold pieces
 11930 | D:9      | Bought a bread ration for 65 gold pieces
 11930 | D:9      | Bought a meat ration for 65 gold pieces
 12416 | D:9      | Offered knowledge of Stone Arrow by Vehumet.
 12429 | D:9      | Learned a level 3 spell: Conjure Flame
 12599 | D:9      | HP: 2/58 [something (10)]
 12755 | D:10     | Entered Level 10 of the Dungeon
 12784 | D:10     | Reached XP level 11. HP: 62/62 MP: 17/25
 12914 | D:10     | Reached skill level 1 in Fire Magic
 12985 | D:10     | Learned a level 4 spell: Cause Fear
 13021 | D:10     | Reached *** piety under Vehumet
 13043 | D:10     | Noticed a centaur warrior
 13052 | D:10     | Killed a centaur warrior
 13731 | D:10     | Identified Xiurifucim's Volume of the Ensnaring Entourage
 14036 | D:10     | Offered knowledge of Olgreb's Toxic Radiance by Vehumet.
 14348 | D:11     | Reached skill level 5 in Fighting
 14465 | D:11     | Noticed a six-headed hydra
 14630 | D:11     | Noticed an unseen horror
 14635 | D:11     | Killed an unseen horror
 14852 | D:11     | Learned a level 2 spell: Blink
 15194 | D:11     | Reached skill level 10 in Charms
 15309 | D:11     | Found a staircase to the Lair.
 15462 | D:11     | Killed a six-headed hydra
 15462 | D:11     | Reached skill level 1 in Translocations
 15717 | D:11     | Reached **** piety under Vehumet
 15779 | Lair:1   | Entered Level 1 of the Lair of Beasts
 15908 | Lair:1   | Reached XP level 12. HP: 57/68 MP: 18/27
 15911 | Lair:1   | Reached skill level 5 in Fire Magic
 16281 | Lair:1   | Reached skill level 13 in Conjurations
 16658 | Lair:1   | Offered knowledge of Ignite Poison by Vehumet.
 16825 | Lair:1   | HP: 3/68 [blink frog (14)]
 17460 | Lair:2   | Reached skill level 10 in Spellcasting
 17761 | Lair:2   | Reached ***** piety under Vehumet
 17761 | Lair:2   | Offered knowledge of Throw Icicle by Vehumet.
 18828 | Lair:2   | HP: 1/69 [swamp worm (22)]
 19458 | Lair:3   | Found a hazy altar of Hepliaklqana.
 19656 | Lair:3   | Reached XP level 13. HP: 74/74 MP: 17/29
 19686 | Lair:3   | Learned a level 3 spell: Inner Flame
 19805 | Lair:3   | You fall through a shaft!
 19894 | Lair:3   | Found a staircase to the Snake Pit.
 20516 | Lair:4   | Learned a level 1 spell: Summon Small Mammal
 20544 | Lair:4   | Offered knowledge of Bolt of Cold by Vehumet.
 20761 | Lair:4   | Reached skill level 1 in Summonings
 21505 | Lair:4   | Found a staircase to the Swamp.
 22016 | Lair:5   | Reached skill level 5 in Translocations
 22035 | Lair:4   | HP: 3/74 [spiny frog (11)]
 22606 | Lair:5   | Found a staircase to the Slime Pits.
 22646 | Lair:5   | Reached skill level 10 in Dodging
 23106 | Lair:5   | Reached skill level 10 in Hexes
 23119 | Lair:5   | Offered knowledge of Bolt of Magma by Vehumet.
 23949 | Lair:6   | Entered Level 6 of the Lair of Beasts
 23979 | Lair:6   | Noticed azzavlup's ghost (journeyman OgFE)
 24023 | Lair:6   | Killed azzavlup's ghost
 24023 | Lair:6   | Reached XP level 14. HP: 31/80 MP: 16/31
 24204 | Lair:6   | HP: 4/80 [poisoned by a black mamba]
 24767 | Lair:6   | Learned a level 5 spell: Bolt of Magma
 25217 | Lair:6   | Reached skill level 14 in Conjurations
 25217 | Lair:6   | Reached skill level 1 in Earth Magic
 25341 | Lair:6   | Killed from afar by a fire dragon

Vault maps used:
D:1:      dpeg_arrival_windows_large_door, minmay_ruptured
D:3:      lemuel_round_altar, portal_sewer_entry_e,
          minmay_misc_feat_secret_circle
D:4:      nicolae_overflow_crystal_walls, uniq_menkaure, uniq_blork_the_orc
D:5:      tgw_sif, minmay_temple_entry_mist, serial_co_window_serial,
          co_window_paths_a, co_window_of_opportunity_a, co_window_paths_a,
          co_window_paths_a, co_window_paths_a, co_window_corner_b,
          co_window_cross_2, co_window_broadway_c, co_window_corner_b,
          glass_columns_a, first_bread, uniq_crazy_yiuf_cottage, uniq_pikel
D:6:      grunt_qazlal_sundering, enter_ossuary_3
D:7:      lemuel_doored_altar, lemuel_zombie_altar_kikubaaqudgha, uniq_duvessa
D:8:      gammafunk_temple_overflow_statue, serial_shops, nicolae_shop_trees
D:9:      lemuel_ice_spiral_2, serial_shops, kennysheep_mini_moat,
          uniq_gastronok
D:10:     david_nohive_1
D:11:     erik_lair_dragon
Temple:   oiseaux_autumnal_temple
Lair:1:   serial_bayou_crossing
Lair:2:   beast_lair_carwin_large_1, st_stairs_3, worms_lemuel,
          minmay_lair_oklob_chamber
Lair:3:   minmay_snake_entry_six_corridors, basic_altar, enter_volcano_3,
          grunt_megastairs_2
Lair:4:   nicolae_swamp_entry_splash_gauntlet, grunt_megastairs_1
Lair:5:   minmay_guarded_unrand_snakebite, nicolae_slime_entry_slimehenge,
          patterned_corridor, grunt_megastairs_5, lemuel_fruit_tree,
          infiniplex_staircase_pool
Lair:6:   hangedman_lair_caniforms_friends, guppyfry_lair_end_dragon
Sewer:    sewer_co_tree
Ossuary:  ossuary_tomb_2

Skill      XL: |  1  2  3  4  5  6  7  8  9 10 11 12 13 14 |
---------------+-------------------------------------------+-----
Conjurations   | 5 6 7 8 9 10 11 12 13 14 | 14.0
Charms         | 4 5 7 8 10 11 | 11.4
Dodging        | 3 4 5 7 8 9 10 | 10.7
Fighting       | 1 2 3 4 5 6 7 |  7.0
Spellcasting   | 5 6 8 9 10 11 12 | 12.4
Hexes          | 3 5 6 8 9 10 | 10.1
Armour         | 1 2 |  2.0
Fire Magic     | 4 7 9 |  9.5
Translocations | 1 4 5 |  5.8
Summonings     | 3 |  3.5
Earth Magic    | 1 |  1.2
Stealth        | |  2.4

Action                   |  1- 3 |  4- 6 |  7- 9 | 10-12 | 13-15 || total
-------------------------+-------+-------+-------+-------+-------++-------
Melee: Whip              |       |    27 |    34 |       |       ||    61
       Mace              |       |       |       |    17 |     4 ||    21
 Cast: Magic Dart        |    89 |    81 |   311 |   286 |    85 ||   852
       Searing Ray       |       |    14 |    67 |   180 |   132 ||   393
       Iskenderun's Batt |       |       |     3 |    16 |    18 ||    37
       Iskenderun's Myst |       |       |     1 |     2 |     1 ||     4
       Fulminant Prism   |       |       |       |    41 |    74 ||   115
       Conjure Flame     |       |       |       |     1 |       ||     1
       Blink             |       |       |       |       |     6 ||     6
       Inner Flame       |       |       |       |       |     1 ||     1
  Use: Scroll            |       |     4 |     6 |    13 |     1 ||    24
       Potion            |       |     2 |       |     9 |     7 ||    18
  Eat: Chunk             |     1 |     6 |    19 |    26 |    17 ||    69
       Fruit             |       |       |     1 |     2 |     2 ||     5
       Bread ration      |       |       |     1 |       |       ||     1
       Royal jelly       |       |       |       |     2 |       ||     2
Armor: Robe              |     1 |    18 |    38 |       |       ||    57
       Leather armour    |       |       |    12 |   170 |   125 ||   307
Dodge: Dodged            |     9 |    34 |    86 |   427 |   326 ||   882
